 Dungeon Crawl Stone Soup version 0.31.0-32-g396128a36d (webtiles) character file.

Game seed: 1268230699532578194

55 spaghetti the Trooper (level 3, 0/30 HPs)
             Began as a Mummy Berserker on Mar 24, 2024.
             Was a Believer of Trog.
             Killed from afar by Natasha (3 damage)
             ... with a magic dart
             ... on level 2 of the Dungeon.
             The game lasted 00:02:18 (1311 turns).

spaghetti the Trooper (Mummy Berserker)             Turns: 1311, Time: 00:02:19

Health: 0/30       AC:  2    Str: 22    XL:     3   Next: 67%
Magic:  3/3        EV: 12    Int:  6    God:    Trog [**....]
Gold:   74         SH:  0    Dex: 11    Spells: 2/2 levels left

rFire   x . .        a - +0 mace
rCold   + . .        (no shield)
rNeg    + + +        b - +0 animal skin
rPois   ∞            (no helmet)
rElec   .            (no cloak)
rCorr   .            (no gloves)
SInv    .            (no boots)
Will    ++...        (no amulet)
Stlth   +            (no ring)
HPRegen 1.25/turn    (no ring)
MPRegen 0.08/turn

%: faith
@: strong-willed, regenerating
A: cold resistance 1, negative energy resistance 3, torment resistance 2, heat
vulnerability 1, in touch with death 1, no potions, faith
a: Renounce Religion, Trog's Hand


You were on level 2 of the Dungeon.
You worshipped Trog.
Trog was pleased with you.
You visited 1 branch of the dungeon, and saw 2 of its levels.

You collected 74 gold pieces.

Inventory:

Hand Weapons
 a - a +0 mace (weapon)
Armour
 b - a +0 animal skin (worn)
Jewellery
 g - a ring of ice
Scrolls
 c - a scroll of revelation


   Skills:
 + Level 3.9 Fighting
 + Level 3.2 Maces & Flails
 - Level 1.5 Armour
 - Level 1.5 Dodging


You had 2 spell levels left.
You didn't know any spells.
Your spell library was empty.

Dungeon Overview and Level Annotations

Branches:
Dungeon (2/15)

Altars:

Annotations:
D:2 Natasha


Innate Abilities, Weirdness & Mutations

You are immune to poison.
Your flesh is cold resistant. (rC+)
You are immune to negative energy. (rN+++)
You are immune to unholy pain and torment.
You are vulnerable to heat. (rF-)
You are in touch with the powers of death.
You do not drink.
You have a special connection with the divine. (Faith)


Message History

Press: ? - help, Q - select action, (/) - cycle Shift-Dir - straight line, f - Natasha
Aim: Natasha, carrying a wand of flame (43% to hit)
You throw a throwing net.
The throwing net closely misses Natasha.
You hear a splash.
Natasha growls.
Natasha barely misses you.
Throw: throwing net
Press: ? - help, Q - select action, (/) - cycle Shift-Dir - straight line, f/p - Natasha
Aim: Natasha, carrying a wand of flame (43% to hit)
You throw a throwing net. The throwing net barely misses Natasha.
You hear a splash.
Natasha claws you!
Unknown command.
You can't drink.
Okay, then.
Your skin crawls.
You feel strong-willed.
Natasha mumbles some strange words.
The rat bites you.
You barely miss Natasha. Natasha misses you. The rat bites you.
The cerulean imp hits you with a +0 spear.
Natasha claws you.
You barely miss Natasha. The rat barely misses you.
The cerulean imp misses you. Natasha claws you.
* * * LOW HITPOINT WARNING * * *
The rat bites you.
* * * LOW HITPOINT WARNING * * *
Unknown command.
The cerulean imp hits you from afar with a +0 spear.
* * * LOW HITPOINT WARNING * * *
The rat bites you.
* * * LOW HITPOINT WARNING * * *
Okay, then.
You can't drink.
You aren't carrying any items that you can evoke.
Natasha stares at you and mumbles some strange words.
The magic dart hits you.
You die...
Natasha curls up and begins to purr.

* *,#.#.# #.......# * #.#.#.#
#.......# * ***##* #.#.#.#
#.......# *** **~(~~#* ####.#.#.#
#........ *,***~~~~~~###.#......#
#........ *,,,,~~........#..#.###
#........
*,,,~~,........#..#'###########'#
*,,~,,,.~~...................##..
*,,~,.~~..~.....@............####
*,,,~~....~...r..............##()
,,,,,..⌠~~...5h..............##!(
,,,,,.~~⌠..............).....####
*,,,,~....~~.................#
*,,,,~..~~..~................#
*,,,,.~~....~................#
*,,,,.....~).................#
*,,,,....~~..................#


You could see Natasha, a cerulean imp (summoned) and a rat.

Vanquished Creatures
  2 dart slugs (D:1)
  2 ribbon worms (D:2)
  8 ball pythons
  7 bats
  An endoplasm (D:1)
  2 giant cockroaches
  2 goblins
  4 hobgoblins
  3 jackals (D:1)
  A quokka (D:1)
  4 kobolds
  8 rats
44 creatures vanquished.

Notes
Turn   | Place    | Note
-------+----------+-------------------------------------------
     0 | D:1      | spaghetti the Mummy Berserker began the quest for the Orb.
     0 | D:1      | Reached XP level 1. HP: 18/18 MP: 1/1
    36 | D:1      | Found a faded altar of an unknown god.
   171 | D:1      | Reached XP level 2. HP: 24/24 MP: 2/2
   293 | D:1      | Reached ** piety under Trog
   444 | D:1      | Reached XP level 3. HP: 25/29 MP: 3/3
  1019 | D:2      | Noticed Natasha
  1024 | D:2      | HP: 1/30 [Natasha/puff of flame (7)]
  1310 | D:2      | HP: 1/30 [rat (3)]
  1311 | D:2      | Killed from afar by Natasha

Illustrated notes

Levels and vault maps discovered:
D:1:      matt_arrival_refuge, layout_basic,
          shapermc_ecumenical_altar_rom_forum, minmay_domino_2
D:2:      cheibrodos_helix_gallery, layout_basic, supply_closet_lemuel,
          grunt_ministairs_13, uniq_natasha

Skill      XL: |  1  2 |
---------------+-------+-----
Maces & Flails | 3 |  3.2
Fighting       | |  3.9
Armour         | |  1.5
Dodging        | |  1.5

Action                     || total
---------------------------++-------
  Melee: Mace              ||   132
         Punch             ||     1
  Throw: Throwing net      ||     2
 Invoke: Trog's Hand       ||     1
    Use: Scroll            ||     3
   Stab: Sleeping          ||     3
 Armour: Animal skin       ||   101
  Dodge: Dodged            ||   101
